 Dungeon Crawl Stone Soup version 0.32-a0-599-gba8f9cf90e (webtiles) character file.

Game seed: 4218200296418538273

1281 YayAnonymity the Cleaver (level 8, 0/61 (66) HPs)
             Began as a Minotaur Fighter on Mar 3, 2024.
             Was an Initiate of Trog.
             Slain by a wight
             ... wielding a +2 trident
              (9 damage)
             ... on level 6 of the Dungeon.
             The game lasted 00:07:51 (4294 turns).

YayAnonymity the Cleaver (Minotaur Fighter)         Turns: 4294, Time: 00:07:51

HP:   0/61 (66)     AC: 10    Str: 26    XL:     8   Next: 29%
MP:   7/7           EV:  9    Int:  5    God:    Trog [......]
Gold: 216           SH:  5    Dex: 10    Spells: 7/7 levels left

rFire   . . .        o - +1 hammer "Hoing" {venom, +Blink Str+3 Stlth+}
rCold   . . .        c - +1 buckler
rNeg    . . .        b - +0 scale mail
rPois   .            (helmet restricted)
rElec   .            n - +2 cloak {Stlth+}
rCorr   .            (no gloves)
SInv    .            (no boots)
Will    .....        (no amulet)
Stlth   ++           (no ring)
HPRegen 0.30/turn    (no ring)
MPRegen 0.10/turn

%: no passive effects
@: drained
A: horns 2, retaliatory headbutt
a: Renounce Religion, Evoke Blink


You were on level 6 of the Dungeon.
You worshipped Trog.
Trog was noncommittal.
You visited 2 branches of the dungeon, and saw 7 of its levels.
You also visited: Ossuary.

You collected 216 gold pieces.

Inventory:

Hand Weapons
 a - a +0 war axe
 o - the +1 hammer "Hoing" (weapon) {venom, +Blink Str+3 Stlth+}
   (You found it on level 2 of the Dungeon)

   Str+3:     It affects your strength (+3).
   +Blink:    It lets you blink.
   Stlth+:    It makes you more stealthy.
Missiles
 h - 5 throwing nets (quivered)
 p - 6 poisoned darts
 q - 4 javelins
Armour
 b - a +0 scale mail (worn)
 c - a +1 buckler (worn)
 n - a +2 cloak of stealth (worn)
Scrolls
 e - a scroll of teleportation
 f - a scroll of enchant weapon
 m - 2 scrolls of immolation
 s - a scroll of enchant armour
 u - a scroll of noise
Potions
 d - 5 potions of might
 g - a potion of cancellation
 i - a potion of attraction
 j - a potion of brilliance
 k - 2 potions of haste
 l - 2 potions of curing
 t - a potion of enlightenment


   Skills:
 - Level 4.0 Fighting
 * Level 11.9 Axes
 - Level 4.0 Armour
 - Level 4.0 Shields


You had 7 spell levels left.
You didn't know any spells.
Your spell library contained the following spells:

 Spells                   Type           Power      Damage    Failure   Level
 Apportation              Tloc           0%         N/A       80%         1
 Necrotise                Necr           0%         1d4       80%         1
 Sting                    Conj/Alch      0%         1d3       80%         1
 Summon Small Mammal      Summ           0%         N/A       80%         1
 Call Imp                 Summ           0%         N/A       91%         2
 Jinxbite                 Hex            0%         N/A       91%         2
 Sublimation of Blood     Necr           0%         N/A       91%         2
 Call Canine Familiar     Summ           0%         N/A       99%         3
 Summon Blazeheart Golem  Fire/Summ      0%         N/A       100%        4
 Alistair's Intoxication  Alch           0%         N/A       100%        5
 Summon Hydra             Summ           0%         N/A       100%        7


Dungeon Overview and Level Annotations

Branches:
Dungeon (6/15)             Temple (1/1) D:5         Ossuary (visited)

Altars:
Ashenzari
Cheibriados
Dithmenos
Elyvilon
Fedhas
Gozag
Qazlal
Ru
Trog
Uskayaw
Xom
Yredelemnul
The Shining One
Lugonu


Innate Abilities, Weirdness & Mutations

You have a pair of horns on your head.
You reflexively headbutt those who attack you in melee.


Message History

The wight hits you with a +0 mace of pain.
The wight hits you with a +3 battleaxe!
You feel drained.
You hit the wight.
You destroy the wight!
Trog accepts your kill. The wight completely misses you.
The wight hits you with a +3 battleaxe.
You hit the wight.
The wight is moderately damaged.
The wight closely misses you. The wight barely misses you.
You barely miss the wight.
The wight is moderately damaged.
The wight hits you from afar with a +2 trident.
You barely miss the wight.
The wight is moderately damaged.
You block the wight's attack. The wight completely misses you.
You hit the wight. Your headbutt misses the wight.
The wight is moderately damaged.
You block the wight's attack. The wight hits you with a +3 battleaxe.
You hit the wight but do no damage.
The wight is moderately damaged.
The wight barely misses you. The wight hits you but does no damage.
You barely miss the wight. Your headbutt misses the wight.
The wight is moderately damaged.
The wight barely misses you. The wight hits you with a +3 battleaxe!
You hit the wight.
The wight is moderately damaged.
The wight hits you from afar with a +2 trident.
The wight hits you with a +3 battleaxe.
You hit the wight.
The wight is heavily damaged.
The wight hits you from afar with a +2 trident.
You feel drained. The wight closely misses you. The wight misses you.
You hit the wight but do no damage. Your headbutt misses the wight.
The wight is heavily damaged.
The wight hits you with a +3 battleaxe!
* * * LOW HITPOINT WARNING * * *
You feel drained.
* * * LOW HITPOINT WARNING * * *
The wight hits you from afar with a +2 trident!
You die...

###...........%#.#
###............#.#.# #
#...#............#.# ..
#...#..#.#...#.#.#.##
##.###...#..#)+.....#.#.#.
......%..####.#...###.#.#.
..............+.......#.#<
........#####)#.....### ##
........z@# #)###...#
........#.# #)# ...#
#########z# #)# #.# #.#
#.# ..# #.#...#
+............
........#....##
.z⌠.z.#.##.#.#


You could see 2 wights.

Vanquished Creatures
  A black bear (D:6)
  Blork the orc (D:5)
  A scorpion (D:5)
  7 water moccasin zombies (Ossuary)
  A burial acolyte (Ossuary)
  A wight (D:6)
  A bombardier beetle (D:4)
  A hound (D:5)
  An orc priest (D:4)
  3 iguanas
  Crazy Yiuf (D:2)
  An orc wizard (D:4)
  A bullfrog simulacrum (Ossuary)
  A crocodile zombie (Ossuary)
  2 mummies (Ossuary)
  11 gnolls
  6 adders
  A shadow imp (D:5)
  2 ufetubi (D:6)
  An adder zombie (Ossuary)
  A ribbon worm (D:5)
  3 dart slugs
  8 orcs
  7 ball pythons
  6 bats
  13 endoplasms
  5 giant cockroaches
  11 gnoll zombies (Ossuary)
  3 goblins
  4 hobgoblins
  9 jackals
  7 kobolds
  2 frilled lizards
  3 jackal zombies (Ossuary)
  2 orc zombies (Ossuary)
  4 rats
133 creatures vanquished.

Vanquished Creatures (others)
  A gnoll zombie (Ossuary)
1 creature vanquished.

Grand Total: 134 creatures vanquished

Notes
Turn   | Place    | Note
-------+----------+-------------------------------------------
     0 | D:1      | YayAnonymity the Minotaur Fighter began the quest for the
                  | Orb.
     0 | D:1      | Reached XP level 1. HP: 19/19 MP: 0/0
    90 | D:1      | Reached XP level 2. HP: 27/27 MP: 1/1
   419 | D:1      | Reached skill level 3 in Axes
   591 | D:1      | Found a faded altar of an unknown god.
   833 | D:2      | Reached XP level 3. HP: 27/33 MP: 2/2
   838 | D:2      | Reached skill level 4 in Axes
  1140 | D:2      | Reached XP level 4. HP: 40/40 MP: 3/3
  1286 | D:2      | Found a runed translucent door.
  1287 | D:2      | Noticed Crazy Yiuf
  1466 | D:2      | Reached skill level 5 in Axes
  1735 | D:2      | Killed Crazy Yiuf
  1745 | D:2      | Identified the +1 hammer "Hoing" {venom, +Blink Str+3
                  | Stlth+}
  1848 | D:3      | Reached XP level 5. HP: 46/46 MP: 4/4
  1974 | D:3      | Found a shadowy altar of Dithmenos.
  2455 | D:4      | Reached skill level 6 in Axes
  2500 | D:4      | Found a sand-covered staircase.
  2513 | Ossuary  | Entered an ossuary
  2541 | Ossuary  | Reached skill level 7 in Axes
  2585 | Ossuary  | Reached XP level 6. HP: 45/52 MP: 5/5
  2630 | Ossuary  | Reached skill level 8 in Axes
  2651 | Ossuary  | Reached XP level 7. HP: 42/59 MP: 6/6
  2721 | Ossuary  | Reached skill level 9 in Axes
  3108 | D:4      | Reached skill level 10 in Axes
  3275 | D:4      | Found a basalt altar of Yredelemnul.
  3417 | D:4      | Found a white marble altar of Elyvilon.
  3469 | D:5      | Entered Level 5 of the Dungeon
  3799 | D:5      | Found a sacrificial altar of Ru.
  3840 | D:5      | Reached skill level 11 in Axes
  3840 | D:5      | Reached XP level 8. HP: 66/66 MP: 7/7
  3894 | D:5      | Found a staircase to the Ecumenical Temple.
  3909 | Temple   | Entered the Ecumenical Temple
  3926 | Temple   | Became a worshipper of Trog the Wrathful
  3979 | D:5      | Noticed Blork the orc
  3986 | D:5      | Killed Blork the orc
  4294 | D:6      | Slain by a wight

Illustrated notes

Levels and vault maps discovered:
D:1:      tekkud_arrival_beachfront_property, layout_loops_ring,
          dreamdust_ecumenical_altar_sealed_demon
D:2:      layout_loops_ring, minmay_randomly_rotated_circles,
          uniq_crazy_yiuf_cottage
D:3:      layout_loops_ring, lemuel_doored_altar, small_statue_intersection
D:4:      layout_gridville, kennysheep_ying_yang, nicolae_ossuary_entry_ruins
D:5:      layout_gridville, hangedman_ru_absence,
          minmay_temple_entry_butterflies, uniq_blork_the_orc
D:6:      layout_basic, kiku_gazebo_pond_becter, marbit_many_paths,
          grunt_temple_overflow_lords_of_destruction
Temple:   corrupted_temple

Skill      XL: |  1  2  3  4  5  6  7 |
---------------+----------------------+-----
Axes           | 3 4 5 7 8 11 | 11.9
Fighting       | 4 |  4.0
Armour         | 4 |  4.0
Shields        | 4 |  4.0

Action                     |  1- 3 |  4- 6 |  7- 9 || total
---------------------------+-------+-------+-------++-------
  Melee: War axe           |    65 |    31 |       ||    96
         Headbutt          |     9 |    17 |    35 ||    61
         Mace              |       |    96 |   188 ||   284
    Use: Potion            |       |     1 |       ||     1
         Scroll            |       |     7 |     8 ||    15
   Stab: Sleeping          |       |     3 |     4 ||     7
 Armour: Scale mail        |    46 |   113 |   165 ||   324
  Dodge: Dodged            |    29 |    64 |   128 ||   221
  Block: Buckler           |    14 |    26 |    57 ||    97

Table legend: (Time is in decaauts)
 A = Elapsed time spent in this place.
 B = Non-inter-level travel time spent in this place.
 C = Inter-level travel time spent in this place.
 D = Time resting spent in this place.
 E = Time spent auto-exploring this place.
 F = Levels seen in this place.
 G = Mean time per level.
                   A        B        C        D        E       F      G
               +--------+--------+--------+--------+--------+-----+--------+
         Total |   4409 |   4187 |    222 |      0 |   3263 |   8 |  551.1 |
       Dungeon |   3979 |   3772 |    207 |      0 |   3021 |   6 |  663.2 |
        Temple |     34 |     19 |     15 |      0 |      0 |   1 |   34.0 |
       Ossuary |    395 |    395 |      0 |      0 |    242 |   1 |  395.0 |
               +--------+--------+--------+--------+--------+-----+--------+

Top non-repeatable levels by time:
     D:2: 1056 daAuts
     D:1: 843 daAuts
     D:4: 653 daAuts
     D:3: 629 daAuts
     D:5: 533 daAuts
 Ossuary: 395 daAuts
     D:6: 264 daAuts
  Temple: 34 daAuts
